 Dungeon Crawl Stone Soup version 0.27.0-1-g7a089689b8 (webtiles) character file.

Game seed: 5737672270585330998

232 sefie the Covered (level 5, 0/40 (45) HPs)
             Began as a Minotaur Fighter on Aug 7, 2021.
             Slain by a kobold brigand (5 damage)
             ... on level 6 of the Dungeon.
             The game lasted 00:07:29 (3050 turns).

sefie the Covered (Minotaur Fighter)                Turns: 3050, Time: 00:07:30

HP:   0/40 (45)     AC: 10    Str: 20    XL:     5   Next: 73%
MP:   4/4           EV:  5    Int:  5    God:
Gold: 127           SH:  9    Dex: 11    Spells: 4/4 levels left

rFire    . . .     SeeInvis .   a - +1 long sword
rCold    . . .     Faith    .   c - +0 kite shield
rNeg     . . .     Spirit   .   e - +0 chain mail
rPois    .         Reflect  .   (helmet restricted)
rElec    .         Harm     .   (no cloak)
rCorr    .         Rampage  .   (no gloves)
Will     .....                  (no boots)
Stlth    ..........             (no amulet)
HPRegen  0.13/turn              (no ring)
MPRegen  0.09/turn              (no ring)

@: heavily drained
A: horns 2, retaliatory headbutt
a: no special abilities


You were on level 6 of the Dungeon.
You visited 1 branch of the dungeon, and saw 5 of its levels.

You collected 127 gold pieces.

Inventory:

Hand Weapons
 a - a +1 long sword (weapon)
 r - a +0 hunting sling
Missiles
 i - 5 poisoned darts (quivered)
 n - 96 stones
 q - 7 curare-tipped darts
Armour
 c - a +0 kite shield (worn)
 e - a +0 chain mail (worn)
Jewellery
 l - a ring of ice
 v - an amulet of guardian spirit
Scrolls
 g - a scroll of fear {unknown}
 h - a scroll of holy word {unknown}
 j - a scroll of teleportation {unknown}
 k - a scroll of enchant armour {unknown}
 o - 3 scrolls of amnesia
 p - 2 scrolls of enchant weapon
 s - a scroll of identify {unknown}
 u - a scroll of fog {unknown}
Potions
 b - a potion of lignification {unknown}
 f - a potion of flight {unknown}
 m - a potion of curing {unknown}
 t - a potion of berserk rage {unknown}


   Skills:
 - Level 3.6 Fighting
 - Level 5.6 Long Blades
 + Level 6.0 Armour
 - Level 3.6 Shields


You had 4 spell levels left.
You didn't know any spells.
Your spell library was empty.

Dungeon Overview and Level Annotations

Branches:
Dungeon (4/15)
 Temple: D:4-7

Altars:
Makhleb


Innate Abilities, Weirdness & Mutations

You have a pair of horns on your head.
You reflexively headbutt those who attack you in melee.


Message History

You block the wight's attack.
A kobold comes into view. It is wielding a +0 short sword.
You block the wight's attack.
You slash the kobold!
You kill the kobold!
You closely miss the wight. You block the wight's attack.
The wight hits you but does no damage.
Found a murky orange potion.
You block the wight's attack.
The kobold throws a stone.
You block the stone. You block the wight's attack.
You hit the wight but do no damage. You headbutt the wight!
The wight is severely damaged.
The wight hits you with a +4 battleaxe!
You feel drained.
You hit the wight.
You destroy the wight!
Your life force feels restored.
You closely miss the wight.
The wight hits you from afar with a +2 spear.
You feel drained. The wight barely misses you.
The wight hits you with a +0 flail.
You feel drained.
You slash the wight!
The wight is heavily damaged.
You feel a little less mighty now.
The wight hits you from afar with a +2 spear.
The wight hits you but does no damage.
You barely miss the wight.
The wight is heavily damaged.
You block the wight's attack. x2
The wight hits you from afar with a +2 spear.
You hit the kobold but do no damage. You headbutt the kobold.
You kill the kobold!
The wight hits you with a +0 flail.
You feel drained.
Your Armour skill increases to level 6!
The wight hits you with a +0 flail!
* * * LOW HITPOINT WARNING * * *
You feel drained.
* * * LOW HITPOINT WARNING * * *
The kobold brigand hits you with a +0 short sword.
You die...

.........
######....#
...)......###
....))......###
..............#####
#...##.)###.#.zz.z#
#...../.......###z#
.............KK#.z#
#..............K@##
.................#
#...............##
.....#..........#
....###.........#
..# ##.......##
...... ##.!..


You could see a kobold brigand, 3 wights and 2 kobolds.

Vanquished Creatures
  A wight (D:6)
  A bullfrog skeleton (D:6)
  A centaur skeleton (D:6)
  5 adders
  5 worms
  2 dart slugs (D:3)
  5 orcs
  7 ball pythons
  7 endoplasms
  2 giant cockroaches
  5 goblins
  2 hobgoblins
  A jackal (D:3)
  8 quokkas
  3 bats
  4 frilled lizards
  4 kobolds
  5 rats
68 creatures vanquished.

Vanquished Creatures (others)
  7 plants (D:2)
7 creatures vanquished.

Grand Total: 75 creatures vanquished

Notes
Turn   | Place    | Note
-------+----------+-------------------------------------------
     0 | D:1      | sefie the Minotaur Fighter began the quest for the Orb.
     0 | D:1      | Reached XP level 1. HP: 19/19 MP: 0/0
    24 | D:1      | You fall into a shaft and drop 1 floor!
    46 | D:2      | Found a burning altar of Makhleb.
   156 | D:1      | Reached XP level 2. HP: 26/26 MP: 1/1
   156 | D:1      | Found a faded altar of an unknown god.
   911 | D:2      | Reached XP level 3. HP: 31/31 MP: 2/2
  1358 | D:2      | Reached skill level 5 in Long Blades
  1855 | D:3      | Reached XP level 4. HP: 34/39 MP: 3/3
  2496 | D:3      | Reached skill level 4 in Armour
  2916 | D:4      | Noticed a black bear
  3003 | D:4      | You fall into a shaft and drop 2 floors!
  3011 | D:6      | Reached XP level 5. HP: 43/45 MP: 4/4
  3015 | D:6      | Reached skill level 5 in Armour
  3050 | D:6      | Reached skill level 6 in Armour
  3050 | D:6      | Slain by a kobold brigand

Illustrated notes

Levels and vault maps discovered:
D:1:      shiori_arrival_elements, layout_rooms, shapermc_ecumenical_altar_venn,
          minmay_misc_feat_tiny, minmay_misc_feat_nine_boxes
D:2:      wad_woods_stonehenge, layout_loops_ring, minmay_unequal
D:3:      layout_basic, chequers_mini_garden, st_stairs_11,
          chequers_serial_rivers_micro_a, kennysheep_generic_room_3
D:4:      layout_loops_corners, general_overflow_altar, st_stairs_9
D:6:      layout_rooms, grunt_temple_overflow_diamond, uniq_sigmund,
          uniq_menkaure

Skill      XL: |  1  2  3  4  5 |
---------------+----------------+-----
Long Blades    | 3 4 5 |  5.6
Armour         | 4 6 |  6.0
Fighting       | |  3.6
Shields        | |  3.6

Action                   |  1- 3 |  4- 6 || total
-------------------------+-------+-------++-------
Melee: Long sword        |    98 |    77 ||   175
       Headbutt          |    18 |    14 ||    32
  Use: Potion            |       |     1 ||     1
       Scroll            |       |     2 ||     2
Armor: Scale mail        |    35 |    12 ||    47
       Chain mail        |       |    32 ||    32
Dodge: Dodged            |    29 |    20 ||    49
Block: Kite shield       |    41 |    55 ||    96
       Rpst.: Long sword |     5 |     3 ||     8
